 Dungeon Crawl Stone Soup version 0.30-a0-1035-g38d5fb2972 (webtiles) character file.

Game seed: 7423666854390908288

1029 jlumianski the Chopper (level 8, -2/61 HPs)
             Began as a Demonspawn Fighter on Apr 8, 2023.
             Was a Follower of Qazlal.
             Slain by an ogre
             ... wielding a +0 giant club
              (22 damage)
             ... on level 5 of the Dungeon.
             The game lasted 00:25:45 (4401 turns).

jlumianski the Chopper (Demonspawn Fighter)         Turns: 4401, Time: 00:25:46

Health: -2/61      AC: 12    Str: 17    XL:     8   Next: 3%
Magic:  8/8        EV:  7    Int: 10    God:    Qazlal [*.....]
Gold:   372        SH:  7    Dex: 14    Spells: 7/7 levels left

rFire   + . .      SeeInvis .    a - +1 war axe
rCold   . . .      Faith    .    c - +0 buckler
rNeg    . . .      Spirit   .    z - +0 chain mail
rPois   .          Reflect  .    l - +1 helmet
rElec   .          Rampage  .    D - +0 cloak
rCorr   .                        (no gloves)
Will    .....                    (no boots) Stlth
                                 (no amulet)
HPRegen 0.30/turn                E - ring of flight
MPRegen 0.11/turn                y - ring of protection from fire

@: flying
A: thin skeletal structure 1, spiny 2, hooves 1, weak 1, wild magic 2
a: Renounce Religion


You were on level 5 of the Dungeon.
You worshipped Qazlal.
Qazlal was aware of your devotion.
You visited 2 branches of the dungeon, and saw 6 of its levels.
You also visited: Sewer.

You collected 372 gold pieces.

Inventory:

Hand Weapons
 a - a +1 war axe (weapon)
 g - a +2 dagger of draining
 r - a +1 sling of electrocution
 u - the +6 mace "Gami" {drain, rC+}
   (You found it on level 2 of the Dungeon)

   rC:        It protects you from cold.
 x - the +5 hand axe of the Lurker {heavy, Will+}
   (You found it on level 3 of the Dungeon)

   Will:      It increases your willpower.
Missiles
 j - 70 stones
 k - 8 poisoned darts (quivered)
 o - 5 curare-tipped darts
 v - a throwing net
Armour
 b - a +0 scale mail
 c - a +0 buckler (worn)
 l - a +1 helmet (worn)
 z - a +0 chain mail (worn)
 D - a +0 cloak (worn)
Jewellery
 m - a ring of ice
 s - a +6 ring of intelligence
 y - a ring of protection from fire (right hand)
 E - a ring of flight (left hand)
 F - a ring of wizardry
Wands
 p - a wand of polymorph (4)
Scrolls
 f - 3 scrolls of enchant weapon
 q - a scroll of noise {unknown}
 t - a scroll of teleportation
 w - a scroll of torment
 A - 2 scrolls of poison {unknown}
Potions
 d - 2 potions of might
 e - 2 potions of berserk rage
 h - 4 potions of heal wounds
 i - a potion of flight
 n - a potion of haste
 B - a potion of magic
 C - a potion of resistance


   Skills:
 + Level 4.7 Fighting
 + Level 6.5 Axes
 + Level 1.5 Ranged Weapons
 + Level 0.2 Throwing
 + Level 4.3 Armour
 + Level 0.4 Dodging
 + Level 0.3 Stealth
 + Level 3.3 Shields


You had 7 spell levels left.
You didn't know any spells.
Your spell library contained the following spells:

 Spells                   Type           Power      Damage    Failure   Level
 Sandblast                Erth           0%         2d4       100%        1
 Blink                    Tloc           0%         N/A       100%        2
 Lesser Beckoning         Tloc           0%         N/A       100%        2
 Momentum Strike          Conj/Tloc      0%         3d8       100%        2
 Passwall                 Tmut/Erth      0%         N/A       100%        2
 Stone Arrow              Conj/Erth      0%         3d7       100%        3
 Animate Armour           Summ/Erth      0%         N/A       100%        4
 Petrify                  Tmut/Erth      0%         N/A       100%        4
 Dragon Form              Tmut           0%         N/A       100%        7
 Lehudib's Crystal Spear  Conj/Erth      0%         10d2      100%        8


Dungeon Overview and Level Annotations

Branches:
Dungeon (5/15)             Temple (1/1) D:4           Sewer (visited)

Altars:
Ashenzari
Fedhas
Hepliaklqana
Nemelex Xobeh
Okawaru
Qazlal
Ru
Xom
Yredelemnul


Innate Abilities, Weirdness & Mutations

You have a somewhat thin skeletal structure. (Dex +2, Stealth+)
You are mostly covered in sharp spines.
You have large cloven feet.
You are weak. (Str -2)
Your spells are harder to cast, but more powerful.


Message History

You now have 372 gold pieces (gained 11).
There is a stone staircase leading up here.
A - 2 scrolls labelled TEPNUYLYRA (gained 1)
An ogre comes into view. It is wielding a +0 giant club.
The ogre shouts!
Throw: 12 darts (poison)
Press: ? - help, Q - select action, (/) - cycle Shift-Dir - straight line, f - ogre
Aim: an ogre, wielding a +0 giant club (75% to hit)
You throw a poisoned dart. The poisoned dart hits the ogre.
Throw: 11 darts (poison)
Press: ? - help, Q - select action, (/) - cycle Shift-Dir - straight line, f/p - ogre
Aim: an ogre, wielding a +0 giant club (75% to hit)
You throw a poisoned dart. The poisoned dart hits the ogre.
The ogre is poisoned.
Throw: 10 darts (poison)
Press: ? - help, Q - select action, (/) - cycle Shift-Dir - straight line, f/p - ogre
Aim: an ogre, wielding a +0 giant club (poisoned, 75% to hit)
You throw a poisoned dart. The poisoned dart hits the ogre.
Throw: 9 darts (poison)
Press: ? - help, Q - select action, (/) - cycle Shift-Dir - straight line, f/p - ogre
Aim: an ogre, wielding a +0 giant club (poisoned, 75% to hit)
You throw a poisoned dart.
The poisoned dart barely misses the ogre.
The ogre is struck by your spines. The ogre hits you with a +0 giant club!
You hit the ogre. You kick the ogre.
The ogre is moderately wounded.
You block the ogre's attack.
You closely miss the ogre.
The ogre is moderately wounded.
The ogre barely misses you.
You hit the ogre. You kick the ogre.
The ogre is heavily wounded.
The ogre looks more healthy.
You closely miss the ogre. You kick the ogre.
The ogre is severely wounded.
The ogre hits you with a +0 giant club!!
You hit the ogre.
The ogre is almost dead.
The ogre hits you with a +0 giant club!!
You die...

*,,,,,.....####.....#
*,****###..# #.###.# **,*
*###..####.# #.#
**,,***#,.........###.#
*,,,,,,..##...........#
**,,,**,.....###..##..#
***,,,***,##...##......#
*,,,,...#.#.ยง...#.###.##
*,,,,.((.(.O@.....# #.#
*,,,,...#####.##### #.#
***,,,*** #.# #.# *,,,* #.#
*#.#* **,** *#'#* **.#.** *,*
**...****,#*#,*** **,*
**,...,**,** **,,* **,,*
**,,...,,**,***,*,*
**,,,****,,,,,,,,,**,*,,,,***


You could see an ogre.

Vanquished Creatures
  Grinder (Sewer)
  Duvessa (D:4)
  2 ogres
  A kobold brigand (Sewer)
  A necrophage (Sewer)
  A wight (Sewer)
  Dowan (D:4)
  An orc priest (D:3)
  A sleepcap (D:4)
  A gnoll bouda (D:3)
  A hound (D:5)
  4 gnolls
  5 adders
  3 shadow imps (Sewer)
  4 ufetubi (Sewer)
  An adder zombie (Sewer)
  2 worms
  3 dart slugs
  9 orcs
  7 endoplasms
  3 giant cockroaches
  8 goblins
  4 hobgoblins
  9 ball pythons
  3 bats
  A frilled lizard (D:3)
  22 kobolds
  2 kobold zombies (Sewer)
  2 rats (D:1)
  2 butterflies (D:4)
106 creatures vanquished.

Notes
Turn   | Place    | Note
-------+----------+-------------------------------------------
     0 | D:1      | jlumianski the Demonspawn Fighter began the quest for the
                  | Orb.
     0 | D:1      | Reached XP level 1. HP: 18/18 MP: 1/1
   113 | D:1      | Got the Vellum of the Reshaped Boggart
   294 | D:1      | Gained mutation: You are partially covered in sharp spines.
                  | [demonic ancestry]
   294 | D:1      | Reached XP level 2. HP: 20/20 MP: 2/2
   752 | D:1      | Reached skill level 2 in Axes
  1424 | D:2      | Gained mutation: You are mostly covered in sharp spines.
                  | [demonic ancestry]
  1424 | D:2      | Reached XP level 3. HP: 26/28 MP: 3/3
  1537 | D:2      | Found a sacrificial altar of Ru.
  1563 | D:2      | Identified the +6 mace "Gami" {drain, rC+}
  1998 | D:3      | Identified the +5 hand axe of the Lurker {heavy, Will+}
  2146 | D:3      | Reached skill level 3 in Axes
  2146 | D:3      | Reached XP level 4. HP: 35/35 MP: 4/4
  2627 | D:3      | Gained mutation: Armour fits poorly on your strangely
                  | shaped body. [potion of mutation]
  2627 | D:3      | Gained mutation: Your flesh is cold resistant. (rC+)
                  | [potion of mutation]
  2628 | D:3      | Lost mutation: Armour fits poorly on your strangely shaped
                  | body. [potion of mutation]
  2628 | D:3      | Lost mutation: Your flesh is cold resistant. (rC+) [potion
                  | of mutation]
  2628 | D:3      | Gained mutation: Your spells are a little harder to cast,
                  | but a little more powerful. [potion of mutation]
  2628 | D:3      | Gained mutation: Your spells are harder to cast, but more
                  | powerful. [potion of mutation]
  2628 | D:3      | Gained mutation: You are weak. (Str -2) [potion of
                  | mutation]
  2628 | D:3      | Gained mutation: You have large cloven feet. [potion of
                  | mutation]
  2825 | D:4      | Found a staircase to the Ecumenical Temple.
  2835 | Temple   | Entered the Ecumenical Temple
  2845 | Temple   | Became a worshipper of Qazlal Stormbringer
  2948 | D:4      | Reached skill level 4 in Axes
  2948 | D:4      | Reached XP level 5. HP: 41/41 MP: 5/5
  2958 | D:5      | Entered Level 5 of the Dungeon
  2991 | D:5      | Found a glowing drain.
  3010 | Sewer    | Entered a sewer
  3138 | Sewer    | Reached * piety under Qazlal
  3164 | Sewer    | Found an ancient bone altar of Kikubaaqudgha.
  3182 | Sewer    | Reached XP level 6. HP: 14/47 MP: 6/6
  3198 | Sewer    | Reached skill level 1 in Ranged Weapons
  3202 | Sewer    | Reached skill level 5 in Axes
  3334 | Sewer    | Noticed Grinder
  3350 | Sewer    | Killed Grinder
  3351 | Sewer    | Gained mutation: You have a somewhat thin skeletal
                  | structure. (Dex +2, Stealth+) [demonic ancestry]
  3351 | Sewer    | Reached XP level 7. HP: 52/54 MP: 7/7
  3627 | D:4      | Noticed Duvessa
  3627 | D:4      | Noticed Dowan
  3856 | D:4      | Killed Duvessa
  3857 | D:4      | Reached skill level 6 in Axes
  3892 | D:4      | Killed Dowan
  4002 | D:4      | Reached ** piety under Qazlal
  4097 | D:4      | Reached XP level 8. HP: 61/61 MP: 8/8
  4212 | D:5      | Found a blossoming altar of Fedhas.
  4401 | D:5      | Slain by an ogre

Illustrated notes

Levels and vault maps discovered:
D:1:      erik_arrival_cave_to_civilisation [erik_arrival_cave_to_hall],
          layout_basic
D:2:      layout_rooms, basic_altar, minmay_crystal_room
D:3:      layout_basic
D:4:      layout_rooms, minmay_temple_entry_butterflies,
          kennysheep_cluttered_room, uniq_duvessa
D:5:      layout_loops_corners, mainiacjoe_overflow_chevrons,
          cheibrodos_sewer_entry_sluice, hangedman_minor_gate_pass
Temple:   hellmonk_temple_of_storms

Skill      XL: |  1  2  3  4  5  6  7 |
---------------+----------------------+-----
Axes           | 2 3 4 5 6 |  6.5
Armour         | 3 4 |  4.3
Ranged Weapons | 1 |  1.5
Shields        | 3 |  3.3
Fighting       | 4 |  4.7
Throwing       | |  0.2
Dodging        | |  0.4
Stealth        | |  0.3

Action                     |  1- 3 |  4- 6 |  7- 9 || total
---------------------------+-------+-------+-------++-------
  Melee: War axe           |    67 |    57 |    59 ||   183
         Hand axe          |     8 |    26 |       ||    34
         Kick              |       |    23 |    18 ||    41
   Fire: Sling             |     7 |     4 |       ||    11
  Throw: Dart              |     3 |       |     4 ||     7
         Throwing net      |       |       |     1 ||     1
    Use: Scroll            |     3 |     4 |     1 ||     8
         Potion            |       |     5 |     1 ||     6
 Armour: Scale mail        |    32 |     3 |       ||    35
         Chain mail        |       |    34 |    23 ||    57
  Dodge: Dodged            |    28 |    27 |    14 ||    69
  Block: Buckler           |    17 |    15 |    22 ||    54

Table legend: (Time is in decaauts)
 A = Elapsed time spent in this place.
 B = Non-inter-level travel time spent in this place.
 C = Inter-level travel time spent in this place.
 D = Time resting spent in this place.
 E = Time spent auto-exploring this place.
 F = Levels seen in this place.
 G = Mean time per level.
                   A        B        C        D        E       F      G
               +--------+--------+--------+--------+--------+-----+--------+
         Total |   4494 |   4398 |     96 |    441 |   2478 |   7 |  642.0 |
       Dungeon |   3911 |   3815 |     96 |    348 |   2338 |   5 |  782.2 |
        Temple |     74 |     74 |      0 |     23 |      0 |   1 |   74.0 |
         Sewer |    508 |    508 |      0 |     70 |    139 |   1 |  508.0 |
               +--------+--------+--------+--------+--------+-----+--------+

Top non-repeatable levels by time:
     D:3: 1237 daAuts
     D:1: 1172 daAuts
     D:4: 692 daAuts
   Sewer: 508 daAuts
     D:2: 482 daAuts
     D:5: 327 daAuts
  Temple: 74 daAuts
